 Dungeon Crawl Stone Soup version 0.27-a0-457-gba82baf56e (webtiles) character file.

Game seed: 7535035926223106675

324 Gaff the Covert (level 6, -10/36 HPs)
             Began as a Kobold Brigand on Feb 28, 2021.
             Killed by divine providence
             ... invoked by an orc priest
              (13 damage)
             ... while paralysed by an orc priest
             ... on level 4 of the Dungeon.
             The game lasted 00:06:30 (2557 turns).

Gaff the Covert (Kobold Brigand)                    Turns: 2557, Time: 00:06:30

Health: -10/36     AC:  6    Str:  8    XL:     6   Next: 77%
Magic:  6/6        EV:  3    Int: 12    God:
Gold:   128        SH:  0    Dex: 19    Spells: 5/5 levels left

rFire    . . .     SeeInvis .   f - +2 dagger (venom)
rCold    . . .     Faith    .   (shield restricted)
rNeg     . . .     Spirit   .   s - +0 leather armour
rPois    .         Reflect  .   t - +0 helmet
rElec    .         Harm     .   c - +0 cloak
rCorr    .         Rampage  .   p - +0 pair of gloves
Will     .....                  (no boots)
Stlth    +++++.....             m - amulet of regeneration
HPRegen  1.12/turn              (no ring)
MPRegen  0.10/turn              (no ring)

@: paralysed
A: small, nightstalker 3
a: no special abilities


You were on level 4 of the Dungeon.
You visited 1 branch of the dungeon, and saw 4 of its levels.

You collected 128 gold pieces.

Inventory:

Hand Weapons
 a - a +2 dagger
 f - a +2 dagger of venom (weapon)
 j - a +0 short sword
Missiles
 d - 8 poisoned darts (quivered)
 e - 2 curare-tipped darts
 g - 90 stones
 u - 2 boomerangs of dispersal
Armour
 b - a +0 robe
 c - a +0 cloak (worn)
 p - a +0 pair of gloves (worn)
 r - a +0 ring mail
 s - a +0 leather armour (worn)
 t - a +0 helmet (worn)
Jewellery
 m - an amulet of regeneration (around neck)
Scrolls
 h - 3 scrolls of identify {unknown}
 i - a scroll of teleportation {unknown}
 o - a scroll of fog {unknown}
 v - a scroll of blinking {unknown}
Potions
 k - 3 potions of curing {unknown}
 l - a potion of heal wounds {unknown}
 n - a potion of resistance {unknown}
 q - 2 potions of attraction {unknown}


   Skills:
 + Level 2.8 Fighting
 + Level 4.4 Short Blades
 + Level 2.1 Throwing
 + Level 0.6 Armour
 + Level 2.4 Dodging
 - Level 9.0 Stealth


You had 5 spell levels left.
You didn't know any spells.
Your spell library was empty.

Dungeon Overview and Level Annotations

Branches:
Dungeon (4/15)
 Temple: D:4-7

Altars:


Innate Abilities, Weirdness & Mutations

You are small and have problems with some larger weapons.
You are completely attuned to the shadows.


Message History

The orc priest is lightly wounded.
You kill the orc!
The orc priest calls down the wrath of Beogh upon you.
Pain shoots through your body!
Training target 7.2 for Stealth reached!
You hit the orc priest.
The orc priest looks as sick as possible!
The orc priest is moderately wounded.
An orc priest comes into view.
The orc priest closely misses you.
You barely miss the orc priest.
The orc priest is heavily wounded.
The orc wizard casts a spell at you. The puff of flame misses you.
The orc priest shouts!
You aren't carrying any items that you can evoke.
Unknown command.
The orc priest mumbles some strange prayers to Beogh against you.
Pain shoots through your body!
The orc wizard points at itself and mumbles some strange words.
The orc wizard flickers and vanishes!
Deactivating autopickup; reactivate with Ctrl-A.
You hit something.
The orc priest hits you with a +0 flail.
The orc priest hits you. Something hits you.
You closely miss something.
The orc priest zaps a wand.
You suddenly lose the ability to move!
You kill the orc priest!
The orc priest hits you. Something hits you but does no damage.
The orc priest hits you.
* * * LOW HITPOINT WARNING * * *
Something hits you but does no damage.
The orc priest hits you but does no damage.
You hear some strange, mumbled words.
A puff of flame appears from out of thin air!
The puff of flame hits you!
* * * LOW HITPOINT WARNING * * *
The orc priest mumbles some strange prayers to Beogh against you.
Beogh smites you!
You die...

#.####..#
....#....
o......#####
....o.)#...#
....{@.).8..
.......#...###
.......#####.##
....##........#
#..# #.......## ..
.. #.....### ..
.......# #....
.......###...#....
.......##.##...[


You could see an orc priest.

Vanquished Creatures
  A scorpion (D:3)
  A wight (D:3)
  An orc priest (D:4)
  2 orc wizards
  3 adders
  3 gnolls (D:4)
  2 oozes (D:2)
  A worm (D:2)
  2 dart slugs
  4 leopard geckos
  8 orcs
  4 ball pythons
  4 bats
  7 giant cockroaches
  8 goblins
  6 hobgoblins
  2 jackals (D:2)
  A quokka (D:3)
  2 frilled lizards
  6 kobolds
  7 rats
75 creatures vanquished.

Notes
Turn   | Place    | Note
-------+----------+-------------------------------------------
     0 | D:1      | Gaff the Kobold Brigand began the quest for the Orb.
     0 | D:1      | Reached XP level 1. HP: 12/12 MP: 1/1
   123 | D:1      | Reached XP level 2. HP: 18/18 MP: 2/2
   340 | D:1      | Reached skill level 6 in Stealth
   450 | D:1      | Reached XP level 3. HP: 22/22 MP: 3/3
  1167 | D:2      | Reached XP level 4. HP: 27/27 MP: 4/4
  1219 | D:2      | Reached skill level 7 in Stealth
  1244 | D:2      | Found a faded altar of an unknown god.
  1452 | D:2      | Reached XP level 5. HP: 31/31 MP: 5/5
  1816 | D:3      | Reached skill level 8 in Stealth
  2213 | D:3      | Reached XP level 6. HP: 36/36 MP: 6/6
  2490 | D:4      | Reached skill level 9 in Stealth
  2553 | D:4      | Paralysed by an orc priest for 5 turns
  2557 | D:4      | Killed from afar by an orc priest

Illustrated notes

Levels and vault maps discovered:
D:1:      elethiomel_arrival_shortcut, layout_loops_ring, minmay_small_reverse_x
D:2:      layout_loops_ring, chequers_ecumenical_altar_simple
D:3:      layout_basic
D:4:      layout_cave_pools, marbit_many_paths, elyvilon_altar_1

Skill      XL: |  1  2  3  4  5  6 |
---------------+-------------------+-----
Stealth        | 6 7 8 9 |  9.0
Short Blades   | 3 4 |  4.4
Dodging        | 2 |  2.4
Fighting       | |  2.8
Throwing       | |  2.1
Armour         | |  0.6

Action                   |  1- 3 |  4- 6 || total
-------------------------+-------+-------++-------
Melee: Dagger            |    57 |   109 ||   166
 Stab: Sleeping          |    23 |    15 ||    38
       Distracted        |       |     2 ||     2
Armor: Robe              |     9 |    12 ||    21
       Leather armour    |       |     7 ||     7
Dodge: Dodged            |    27 |    59 ||    86

Table legend: (Time is in decaauts)
 A = Elapsed time spent in this place.
 B = Non-inter-level travel time spent in this place.
 C = Inter-level travel time spent in this place.
 D = Time resting spent in this place.
 E = Time spent auto-exploring this place.
 F = Levels seen in this place.
 G = Mean time per level.
                   A        B        C        D        E       F      G
               +--------+--------+--------+--------+--------+-----+--------+
         Total |   2527 |   2457 |     70 |    360 |   1513 |   4 |  631.8 |
       Dungeon |   2527 |   2457 |     70 |    360 |   1513 |   4 |  631.8 |
               +--------+--------+--------+--------+--------+-----+--------+

Top non-repeatable levels by time:
     D:1: 1036 daAuts
     D:2: 777 daAuts
     D:3: 438 daAuts
     D:4: 275 daAuts
